 Dungeon Crawl Stone Soup version 0.29-a0-284-gf9362112df (console) character file.

Game seed: 7644982235843246390

17621 nanolily the Destroyer (level 11, -6/86 HPs)
             Began as a Demigod Wanderer on Mar 20, 2022.
             Mangled by an eight-headed hydra (7 damage)
             ... on level 1 of the Lair of Beasts.
             The game lasted 00:42:35 (17191 turns).

nanolily the Destroyer (Demigod Wanderer)          Turns: 17191, Time: 00:42:35

Health: -6/86      AC:  8    Str: 10    XL:     11   Next: 93%
Magic:  25/25      EV: 10    Int: 24    God:
Gold:   829        SH: 12    Dex: 28    Spells: 3/24 levels left

rFire   + . .      SeeInvis .   D - +7 trident {venom, Dex+4}
rCold   . . .      Faith    .   C - +0 buckler
rNeg    . . .      Spirit   .   x - +3 leather armour {rF+}
rPois   .          Reflect  +   k - +0 helmet
rElec   .          Harm     .   i - +0 cloak
rCorr   .          Rampage  .   (no gloves)
Will    ++...                   (no boots)
Stlth   +++.......              S - amulet of reflection
HPRegen 0.24/turn               M - ring of willpower
MPRegen 0.19/turn               I - +6 ring of dexterity

@: no status effects
A: high MP 1, forlorn, divine attributes
a: no special abilities


You were on level 1 of the Lair of Beasts.
You visited 2 branches of the dungeon, and saw 12 of its levels.
You also visited: Bailey.

You collected 1106 gold pieces.
You spent 277 gold pieces at shops.

Inventory:

Hand Weapons
 D - the +7 trident of the Warrior-Mage (weapon) {venom, Dex+4}
   (You bought it in a shop on level 1 of the Dungeon)

   It poisons the flesh of those it strikes.
   Dex:       It affects your dexterity (+4).
Missiles
 c - 32 poisoned darts
 t - 2 throwing nets
 B - 7 curare-tipped darts (quivered)
Armour
 i - a +0 cloak (worn)
 k - a +0 helmet (worn)
 x - a +3 leather armour of fire resistance (worn)
 C - a +0 buckler (worn)
Jewellery
 l - a ring of fire
 A - a ring of protection from cold
 G - a ring of positive energy
 I - a +6 ring of dexterity (right hand)
 M - a ring of willpower (left hand)
 P - a ring of see invisible
 Q - a +6 ring of intelligence
 S - an amulet of reflection (around neck)
 T - a ring of positive energy
Wands
 w - a wand of digging (12)
 O - a wand of charming (4)
Scrolls
 b - 2 scrolls of blinking
 d - a scroll of torment {unknown}
 j - a scroll of noise {unknown}
 o - a scroll of fog {unknown}
 p - 7 scrolls of enchant armour
 r - 5 scrolls of teleportation {unknown}
 s - 4 scrolls of enchant weapon
 u - 4 scrolls of magic mapping
 y - 6 scrolls of vulnerability
 z - a scroll of amnesia {unknown}
 E - 3 scrolls of summoning
 H - a scroll of immolation {unknown}
 N - a scroll of silence {unknown}
Potions
 a - 2 potions of degeneration {unknown}
 e - 2 potions of berserk rage
 f - a potion of attraction
 g - 3 potions of magic
 h - 4 potions of curing
 m - 5 potions of might
 n - 2 potions of haste {unknown}
 q - 2 potions of lignification
 v - 5 potions of heal wounds {unknown}
 F - 3 potions of flight
 J - 2 potions of mutation {unknown}
 K - a potion of cancellation
 L - a potion of resistance
 R - a potion of invisibility


   Skills:
 - Level 5.0 Fighting
 - Level 2.1 Throwing
 - Level 1.0 Armour
 - Level 4.5 Stealth
 - Level 5.0 Shields
 - Level 7.0 Spellcasting
 + Level 12.5 Conjurations
 - Level 1.0 Hexes
 - Level 4.0 Fire Magic
 - Level 3.0 Air Magic
 - Level 6.0 Earth Magic
 - Level 3.0 Poison Magic


You had 3 spell levels left.
You knew the following spells:

 Your Spells              Type           Power      Damage    Failure   Level
a - Sting                 Tmut/Pois      60%        1d6       7%          1
b - Poisonous Vapours     Pois/Air       44%        N/A       5%          2
c - Stone Arrow           Conj/Erth      100%       3d13      1%          3
d - Conjure Flame         Conj/Fire      48%        6-21      1%          3
e - Sticky Flame          Conj/Fire      48%        2d7       4%          4
f - Orb of Destruction    Conj           31%        9d10      52%         7
P - Slow                  Hex            52%        N/A       9%          1

Your spell library contained the following spells:

 Spells                   Type           Power      Damage    Failure   Level
 Foxfire                  Conj/Fire      100%       2x1d9     1%          1
 Dazzling Flash           Conj/Hex       80%        N/A       2%          3
 Animate Skeleton         Necr           16%        N/A       12%         1
 Apportation              Tloc           16%        N/A       12%         1
 Summon Small Mammal      Summ           32%        N/A       12%         1
 Inner Flame              Hex/Fire       20%        N/A       13%         3
 Ignite Poison            Fire/Tmut/Pois 19%        N/A       14%         3
 Ensorcelled Hibernation  Hex/Ice        20%        N/A       16%         2
 Spider Form              Tmut/Pois      15%        N/A       21%         3
 Tukima's Dance           Hex            13%        N/A       24%         3
 Ozocubu's Armour         Ice            8%         N/A       36%         3
 Iskenderun's Battlesphe  Conj           62%        2d11      1%          5
 Flame Wave               Conj/Fire      48%        2d10      4%          4
 Fireball                 Conj/Fire      24%        3d11      12%         5
 Animate Armour           Summ/Erth      44%        N/A       34%         4
 Olgreb's Toxic Radiance  Pois           22%        N/A       34%         4
 Freezing Cloud           Conj/Ice/Air   16%        6-21      38%         5
 Conjure Ball Lightning   Conj/Air       22%        3x3d6     61%         6
 Anguish                  Hex/Necr       5%         N/A       69%         4
 Silence                  Hex/Air        9%         N/A       83%         5
 Metabolic Englaciation   Hex/Ice        5%         N/A       95%         5
 Simulacrum               Ice/Necr       4%         N/A       100%        6
 Haunt                    Necr/Summ      4%         N/A       100%        7
 Borgnjor's Revivificati  Necr           4%         N/A       100%        8
 Lehudib's Crystal Spear  Conj/Erth      26%        10d7      100%        8
 Necromutation            Tmut/Necr      4%         N/A       100%        8
 Death's Door             Necr           4%         N/A       100%        9
 Polar Vortex             Ice            4%         N/A       100%        9


Dungeon Overview and Level Annotations

Branches:
Dungeon (11/15)            Temple (0/1) D:7            Lair (1/6) D:11
    Orc (0/2) D:10         Bailey (visited)

Shops:
D:1 *??[(   D:6 !   D:7 !

Annotations:
D:9 Erolcha


Innate Abilities, Weirdness & Mutations

You have an increased reservoir of magic. (+10% MP)
You shall have no god before yourself.
Your divine heritage dramatically boosts your attributes as you level up.


Message History

Unknown command.
Casting: Sticky Flame (dangerous; 4% risk of failure)
Confirm with . or Enter, or press ? or * to list all spells.
Okay, then.
Unknown command.
Unknown command.
Casting: Sticky Flame (dangerous; 4% risk of failure)
Confirm with . or Enter, or press ? or * to list all spells.
Aiming: Slow (safe; 9% risk of failure)
Press: ? - help, Shift-Dir - straight line, f - eight-headed hydra
Aim: an eight-headed hydra (chance to affect: 19%)
Okay, then.
Unknown command.
Unknown command.
Okay, then.
You see here a +0 scale mail.
Really walk into that dispersal trap?
You enter a dispersal trap!
The eight-headed hydra blinks!
You blink.
The eight-headed hydra bites you. x2; The eight-headed hydra bites you!
You block the eight-headed hydra's attack.
The eight-headed hydra bites you! The eight-headed hydra bites you. x3
The eight-headed hydra attacks as you move away!
The eight-headed hydra bites you! The eight-headed hydra misses you.
You block the eight-headed hydra's attack.
The eight-headed hydra bites you. The eight-headed hydra bites you!
* * * LOW HITPOINT WARNING * * *
The eight-headed hydra bites you.
* * * LOW HITPOINT WARNING * * *
You block the eight-headed hydra's attack. x2
The eight-headed hydra attacks as you move away!
You block the eight-headed hydra's attack. x2
The eight-headed hydra bites you.
* * * LOW HITPOINT WARNING * * *
You block the eight-headed hydra's attack.
The eight-headed hydra closely misses you.
The eight-headed hydra bites you!
* * * LOW HITPOINT WARNING * * *
The eight-headed hydra bites you but does no damage.
The eight-headed hydra bites you!
You die...

#########..............#
................#.#.#..#
........P#.............#
........####....#.#.#..
........# #...^.......
........# #....#.#.##.
........# #.........#
........## #...D#.#.##
#######†.# #....@....# #
#.†# #....#.#>##.# #.##
#...........# ##..#
#....#.#.#...# #...#
#...........##
##.####....#.#.#..#
#..#.#..###.......# ##
##......# ##.#.#..#
.#####.......# ...[...#


You could see an eight-headed hydra.

Vanquished Creatures
  2 hydras
  A two-headed ogre (D:9)
  2 boulder beetles (D:11)
  Urug (D:10)
  Nergalle (D:10)
  Pikel (D:7)
  2 orc knights (Bailey)
  Psyche (D:10)
  A cane toad (Lair:1)
  2 gargoyles (D:11)
  6 komodo dragons
  A troll (D:10)
  A hornet (D:7)
  A shadow (D:10)
  2 vampires
  A wraith (D:11)
  Eustachio (D:4)
  2 wyverns
  11 yaks
  4 steam dragons
  3 basilisks
  Menkaure (D:4)
  An acid dragon (D:9)
  3 water moccasins
  12 orc warriors
  2 ice beasts
  A swamp drake (D:11)
  2 black bears
  2 ogres
  2 lemures (D:7)
  A phantom (D:5)
  4 centaurs
  Blork the orc (D:4)
  3 kobold brigands
  9 bullfrogs
  A necrophage (D:6)
  A gnoll sergeant (D:6)
  2 scorpions
  13 wights
  7 howler monkeys
  An electric eel (Lair:1)
  3 hounds
  3 jellies
  3 orc priests
  Natasha (thrice) (D:3)
  A gnoll shaman (D:7)
  5 hell rats (Lair:1)
  Terence (D:2)
  An iguana (D:5)
  3 orc wizards
  9 gnolls
  3 adders
  A white imp (D:8)
  2 ufetubi
  3 worms
  4 dart slugs
  32 orcs
  9 ball pythons
  22 endoplasms
  4 giant cockroaches
  6 goblins
  6 hobgoblins
  2 jackals (D:4)
  2 quokkas
  5 bats
  2 frilled lizards
  20 kobolds
  4 rats
275 creatures vanquished.

Vanquished Creatures (others)
  A fungus (Lair:1)
  2 plants (Lair:1)
  9 toadstools (D:4)
12 creatures vanquished.

Grand Total: 287 creatures vanquished

Notes
Turn   | Place    | Note
-------+----------+-------------------------------------------
     0 | D:1      | nanolily the Demigod Wanderer began the quest for the Orb.
     0 | D:1      | nanolily set off with the following items: a +2 dagger, a
                  | scroll of blinking, 9 poisoned darts, a +0 dagger, a potion
                  | of berserk rage, a +0 robe; and the following spell
                  | memorised: Slow; and the following spells available to
                  | memorise: Dazzling Flash
     0 | D:1      | Reached XP level 1. HP: 14/14 MP: 4/4
    48 | D:1      | Found Habuefan's Magic Scroll Shoppe.
   154 | D:1      | Found Fiahuoph's Assorted Antiques.
   192 | D:1      | Reached skill level 1 in Fighting
   199 | D:1      | Learned a level 1 spell: Sting
   220 | D:1      | Reached XP level 2. HP: 15/23 MP: 2/5
   373 | D:1      | Found Adaesm's Magic Scroll Shop.
   376 | D:1      | Found Aruam's Antique Armour Shop.
   506 | D:1      | Reached skill level 1 in Poison Magic
   606 | D:1      | Found Ukhixud's Antique Weapon Emporium.
   838 | D:2      | Reached XP level 3. HP: 27/28 MP: 7/7
   841 | D:2      | Learned a level 2 spell: Poisonous Vapours
  1307 | D:2      | Reached skill level 1 in Air Magic
  1376 | D:2      | Reached XP level 4. HP: 34/35 MP: 7/9
  1841 | D:3      | Noticed Terence
  1941 | D:2      | Killed Terence
  2203 | D:3      | Noticed Natasha
  2218 | D:3      | Killed Natasha
  2241 | D:3      | Noticed Natasha
  2623 | D:3      | Reached XP level 5. HP: 40/40 MP: 10/10
  2696 | D:3      | Killed Natasha
  2697 | D:3      | Noticed an ice beast
  2705 | D:3      | Noticed Natasha
  3071 | D:3      | Learned a level 3 spell: Stone Arrow
  3118 | D:3      | Killed Natasha
  3281 | D:4      | Reached skill level 1 in Conjurations
  3360 | D:4      | Noticed Eustachio
  3379 | D:4      | Noticed Blork the orc
  3406 | D:4      | Killed Blork the orc
  3407 | D:4      | Reached skill level 1 in Earth Magic
  3407 | D:4      | Reached XP level 6. HP: 8/47 MP: 5/13
  4285 | D:4      | Noticed Menkaure
  4453 | D:4      | Reached skill level 2 in Conjurations
  4581 | D:4      | Killed Eustachio
  5092 | D:4      | Reached skill level 3 in Conjurations
  5092 | D:4      | Reached XP level 7. HP: 52/52 MP: 7/14
  5302 | D:5      | Entered Level 5 of the Dungeon
  5902 | D:5      | Reached skill level 4 in Conjurations
  6425 | D:1      | Bought a bone trident for 136 gold pieces
  6425 | D:1      | Identified the +7 trident of the Warrior-Mage {venom,
                  | Dex+4} (You bought it in a shop on level 1 of the Dungeon)
  6438 | D:1      | Bought a scroll of identify for 24 gold pieces
  6438 | D:1      | Bought a scroll of fear for 42 gold pieces
  6713 | D:4      | Killed Menkaure
  6714 | D:4      | Reached XP level 8. HP: 59/59 MP: 9/17
  6867 | D:6      | Reached skill level 5 in Conjurations
  7005 | D:6      | Reached skill level 5 in Earth Magic
  7156 | D:6      | Found Ecvug's Distillery.
  7159 | D:6      | Bought a potion of curing for 33 gold pieces
  7206 | D:6      | Reached skill level 5 in Spellcasting
  7206 | D:6      | Reached skill level 1 in Shields
  8278 | D:7      | Noticed Pikel
  8300 | D:7      | Killed Pikel
  8301 | D:7      | Reached skill level 6 in Conjurations
  8301 | D:7      | Reached XP level 9. HP: 51/64 MP: 0/20
  8376 | D:7      | Reached skill level 5 in Shields
  8646 | D:7      | Found a staircase to the Ecumenical Temple.
  8661 | D:7      | Found Ihotan's Distillery.
  8669 | D:7      | Bought a potion of flight for 42 gold pieces
  9223 | D:8      | Found a flagged portal.
  9228 | Bailey   | Entered a bailey
  9793 | Bailey   | Noticed an orc knight
  9851 | Bailey   | Killed an orc knight
  9960 | Bailey   | Noticed an orc knight
  9987 | Bailey   | Killed an orc knight
  9988 | Bailey   | Reached XP level 10. HP: 78/78 MP: 15/23
 10280 | Bailey   | Acquired 391 gold pieces
 10794 | D:8      | Acquired a book of the Spheres
 10804 | D:8      | Learned a level 7 spell: Orb of Destruction
 10843 | D:9      | Noticed a two-headed ogre
 10850 | D:9      | Killed a two-headed ogre
 10851 | D:9      | Reached skill level 5 in Fighting
 10941 | D:9      | Noticed Erolcha
 11012 | D:10     | Entered Level 10 of the Dungeon
 11158 | D:10     | Learned a level 3 spell: Conjure Flame
 11163 | D:10     | Learned a level 4 spell: Sticky Flame
 11262 | D:10     | Noticed Nergalle
 11451 | D:10     | Reached skill level 7 in Conjurations
 11451 | D:10     | Reached skill level 1 in Fire Magic
 11503 | D:10     | Found a staircase to the Orcish Mines.
 12198 | D:10     | Noticed Urug
 12469 | D:10     | Killed Urug
 12470 | D:10     | Reached skill level 8 in Conjurations
 12974 | D:10     | Noticed a spectral orc warlord
 12975 | D:10     | Killed Nergalle
 12976 | D:10     | Reached XP level 11. HP: 81/86 MP: 4/25
 13177 | D:11     | Noticed Psyche
 13181 | D:11     | Noticed a boulder beetle
 13186 | D:10     | Killed Psyche
 13333 | D:11     | Noticed a five-headed hydra
 13491 | D:11     | Killed a boulder beetle
 13492 | D:11     | Reached skill level 9 in Conjurations
 14093 | D:11     | Got the Incunabulum of Black Rituals and Hexes
 14123 | D:11     | Noticed a boulder beetle
 14139 | D:11     | Killed a boulder beetle
 14140 | D:11     | Reached skill level 10 in Conjurations
 14932 | D:11     | Found a staircase to the Lair.
 15382 | D:11     | Killed a five-headed hydra
 15383 | D:11     | Reached skill level 11 in Conjurations
 15771 | Lair:1   | Entered Level 1 of the Lair of Beasts
 15940 | Lair:1   | Noticed a six-headed hydra
 15955 | Lair:1   | Killed a six-headed hydra
 16415 | Lair:1   | Reached skill level 12 in Conjurations
 17048 | Lair:1   | Noticed an eight-headed hydra
 17191 | Lair:1   | HP: 1/86 [eight-headed hydra (10)]
 17191 | Lair:1   | Mangled by an eight-headed hydra

Illustrated notes

Levels and vault maps discovered:
D:1:      wander_arrival_fairy_ring, layout_rooms, basic_ecumenical_altar,
          serial_shops, nicolae_shop_behind_doors, shop,
          nicolae_shop_hallway_plus, shop, nicolae_shop_trees
D:2:      layout_basic, grunt_decor_mini_mirrors, minmay_stone_trees_medium
D:3:      layout_rooms, uniq_natasha, uniq_terence
D:4:      cheibrodos_fertilizer, layout_gridville, minmay_door_square,
          uniq_menkaure, uniq_blork_the_orc, uniq_eustachio
D:5:      layout_gridville
D:6:      layout_rooms, serial_shops, shop
D:7:      layout_basic, minmay_temple_entry_butterflies, serial_shops, shop,
          minmay_misc_feat_square, serial_park_tiny_pond, uniq_pikel
D:8:      layout_cave_pools, enter_bailey_3
D:9:      layout_basic, amcnicky_altar_gilded, uniq_erolcha, uniq_maggie
D:10:     layout_gridville, david_orc_2, uniq_urug, uniq_nergalle
D:11:     layout_basic, erik_lair_dragon, uniq_psyche
Lair:1:   layout_chaotic_city, st_stairs_13, nicolae_lair_lakeside_cave,
          grunt_megastairs_4, serial_bayou_shore_b

Skill      XL: |  1  2  3  4  5  6  7  8  9 10 11 |
---------------+----------------------------------+-----
Throwing       | 2 |  2.1
Fighting       | 1 3 5 |  5.0
Poison Magic   | 1 2 3 |  3.0
Air Magic      | 1 2 3 |  3.0
Spellcasting   | 2 3 5 6 7 |  7.0
Conjurations   | 1 3 4 6 8 12 | 12.5
Earth Magic    | 1 2 4 5 6 |  6.0
Shields        | 4 5 |  5.0
Fire Magic     | 4 |  4.0
Armour         | |  1.0
Stealth        | |  4.5
Hexes          | |  1.0

Action                   |  1- 3 |  4- 6 |  7- 9 | 10-12 || total
-------------------------+-------+-------+-------+-------++-------
Melee: Dagger            |    73 |   126 |    42 |       ||   241
       Trident           |       |       |   115 |   151 ||   266
Throw: Dart              |       |       |     2 |     2 ||     4
 Cast: Sting             |    10 |     2 |     1 |       ||    13
       Slow              |     1 |       |       |     2 ||     3
       Poisonous Vapours |    11 |    54 |    97 |   108 ||   270
       Stone Arrow       |       |     3 |    33 |    96 ||   132
       Conjure Flame     |       |       |       |    10 ||    10
       Sticky Flame      |       |       |       |     8 ||     8
  Use: Scroll            |       |     3 |     5 |     6 ||    14
 Stab: Sleeping          |     8 |     7 |     5 |     4 ||    24
       Distracted        |       |       |     1 |     6 ||     7
Armor: Robe              |    14 |    44 |       |       ||    58
       Leather armour    |       |    11 |    63 |    46 ||   120
Dodge: Dodged            |    35 |    87 |    90 |    94 ||   306
Block: Buckler           |       |       |    36 |    91 ||   127

Table legend: (Time is in decaauts)
 A = Elapsed time spent in this place.
 B = Non-inter-level travel time spent in this place.
 C = Inter-level travel time spent in this place.
 D = Time resting spent in this place.
 E = Time spent auto-exploring this place.
 F = Levels seen in this place.
 G = Mean time per level.
                   A        B        C        D        E       F      G
               +--------+--------+--------+--------+--------+-----+--------+
         Total |  17302 |  16373 |    929 |   6906 |   6003 |  13 | 1330.9 |
       Dungeon |  14794 |  13866 |    928 |   5802 |   5443 |  11 | 1344.9 |
          Lair |   1441 |   1441 |      0 |    653 |    380 |   1 | 1441.0 |
        Bailey |   1066 |   1066 |      0 |    451 |    180 |   1 | 1066.0 |
               +--------+--------+--------+--------+--------+-----+--------+

Top non-repeatable levels by time:
    D:11: 2396 daAuts
     D:4: 2208 daAuts
    D:10: 2203 daAuts
     D:2: 1855 daAuts
  Lair:1: 1441 daAuts
     D:7: 1337 daAuts
     D:5: 1083 daAuts
  Bailey: 1066 daAuts
     D:3: 925 daAuts
     D:6: 839 daAuts
     D:8: 817 daAuts
     D:1: 771 daAuts
     D:9: 354 daAuts
